Map: Dusk Towers

Players

Miszu - Winner!

  • Race: Terran Terran
  • League: Grandmaster

Wololo

  • Race: Zerg Zerg
  • League: Master

VOD

Have the link to the VOD?

Description

Time

  • Played on: Feb. 7, 2016, 3:19 p.m.
  • Length: 10:39
Show
View Real Time Build Order
Export as new Build Order

Miszu Terran - Winner!

Build Orders: MMM Bio 

Get SALT Encoding   

  12  0:00  SCV  
  13  0:12  SCV  
  14  0:18  Supply Depot  
  14  0:25  SCV  
  15  0:40  SCV  
  16  0:43  Barracks  
  16  0:46  Refinery  
  16  0:52  SCV  
  17  1:04  SCV  
  18  1:16  SCV  
  19  1:29  Orbital Command  
  19  1:31  Barracks Reactor  
  19  1:39  Command Center  
  19  1:47  Supply Depot  
  19  1:55  SCV  
  20  2:07  SCV  
  21  2:10  Reaper x2  
  23  2:19  SCV  
  24  2:28  Command Center  
  24  2:31  SCV  
  25  2:43  SCV  
  26  2:44  Reaper  
  26  2:45  Reaper  
  28  2:51  Orbital Command  
  28  2:55  SCV  
  29  3:07  SCV  
  30  3:17  SCV  
  30  3:18  Barracks  
  30  3:19  Refinery, Barracks, SCV  
  32  3:21  Reaper x2  
  34  3:29  SCV  
  34  3:32  SCV  
  36  3:40  Orbital Command  
  36  3:41  SCV  
  36  3:44  SCV  
  38  3:53  SCV  
  39  3:56  SCV  
  39  4:02  Factory  
  40  4:05  SCV  
  40  4:07  Barracks Tech Lab x2  
  40  4:08  SCV x2  
  43  4:10  Marine x2  
  43  4:11  Refinery x2  
  45  4:17  SCV  
  45  4:20  SCV x2  
  48  4:26  Stimpack  
  48  4:28  Marine x2  
  48  4:30  Engineering Bay x2, SCV  
  51  4:32  SCV x2  
  51  4:35  Marine  
  53  4:38  Marine  
  53  4:42  Supply Depot, SCV  
  53  4:44  SCV x2  
  57  4:45  Supply Depot  
  57  4:46  Marine x2  
  57  4:49  Starport  
  57  4:50  Factory Reactor  
  59  4:53  Marine  
  59  4:54  SCV  
  61  5:00  Terran Infantry Armor Level 1, Orbital Command  
  61  5:03  Marine  
  61  5:04  Marine x2, SCV  
  61  5:05  Supply Depot  
  65  5:08  Terran Infantry Weapons Level 1  
  65  5:10  SCV  
  65  5:11  Marine  
  67  5:15  Combat Shields  
  67  5:16  SCV  
  68  5:21  Marine  
  68  5:22  SCV  
  68  5:26  Marine, SCV  
  68  5:27  Marine  
  68  5:28  SCV  
  74  5:33  Medivac  
  74  5:34  SCV  
  74  5:35  Factory Reactor  
  77  5:37  Supply Depot  
  77  5:38  Supply Depot, SCV  
  77  5:40  SCV  
  77  5:41  Marine x2  
  81  5:44  Marine x2  
  81  5:45  Supply Depot  
  81  5:46  SCV  
  84  5:53  Missile Turret  
  84  5:57  Missile Turret  
  79  5:59  Marine x2, Missile Turret  
  79  6:01  SCV, Missile Turret  
  79  6:02  Marine, SCV  
  79  6:03  SCV  
  85  6:06  Marine  
  85  6:07  Medivac x2  
  90  6:12  Supply Depot  
  90  6:13  SCV  
  90  6:14  SCV  
  90  6:16  Armory  
  90  6:17  Marauder  
  94  6:19  Marine  
  94  6:20  Marine, Widow Mine x2  
  94  6:22  SCV  
  94  6:24  Marine  
  94  6:25  Refinery, SCV  
  103  6:33  Supply Depot  
  103  6:35  Supply Depot  
  103  6:38  Marine x2, Marauder  
  103  6:39  Barracks  
  107  6:42  Barracks  
  107  6:44  Medivac x2  
  111  6:48  Widow Mine  
  111  6:49  Widow Mine  
  115  6:57  Supply Depot  
  115  6:58  Marine, Marauder  
  115  6:59  Marine x2  
  115  7:00  Supply Depot  
  120  7:03  Terran Infantry Weapons Level 2  
  120  7:04  Terran Infantry Armor Level 2  
  120  7:14  Barracks  
  120  7:15  Medivac, Barracks  
  122  7:16  Barracks  
  121  7:39  Barracks Reactor, Barracks Tech Lab  
  121  7:40  Marine x2, Marauder  
  121  7:43  Supply Depot  
  123  7:44  Supply Depot  
  123  7:45  Medivac, Marauder  
  123  7:46  Supply Depot  
  125  7:53  Factory Tech Lab  
  125  7:57  Marauder  
  125  7:58  Marine x2  
  122  8:04  Marine x3, Marauder  
  122  8:05  Medivac  
  124  8:06  Marine  
  125  8:15  Marine, Medivac  
  125  8:16  Marine, Siege Tank  
  125  8:18  Marine x2  
  134  8:21  Marine  
  134  8:22  Marine x2  
  134  8:24  Marauder  
  134  8:25  Marine  
  134  8:26  Marauder  
  134  8:33  Marine  
  134  8:34  Marine  
  133  8:35  Medivac  
  133  8:36  Marine x2  
  133  8:39  Marine  
  133  8:40  Marine x2  
  141  8:43  Marine  
  141  8:46  Marauder  
  141  8:47  Marauder  
  145  8:51  Marine, Command Center  
  145  8:52  Marine  
  145  8:54  Marine, Marauder  
  149  8:57  Marine  
  149  8:58  Marine x2  
  149  9:01  Marine  
  140  9:07  Marauder  
  140  9:08  Marine  
  140  9:09  Marine x2, Concussive Shells  
  135  9:12  Marine  
  135  9:15  Marine x3  
  135  9:16  Marauder  
  138  9:19  Marine  
  138  9:20  Thor  
  138  9:21  Medivac x2  
  148  9:26  Marine  
  148  9:27  Marine x2  
  148  9:28  Marine  
  148  9:29  Marine  
  153  9:33  Marine x3  
  153  9:37  Marine x2  
  150  9:43  Marine  
  150  9:45  Marine x2  
  140  9:46  Marine  
  140  9:47  Marine  
  140  9:50  Marine  
  140  9:51  Marine x2  
  141  9:54  Marine x2  
  143  10:01  Marine  
  143  10:02  Marine  
  143  10:03  Marine  
  143  10:04  Marine, Hellion  
  143  10:05  Marine  
  149  10:08  Marine  
  149  10:09  Marine x2  
  149  10:12  Marine x2  
  149  10:19  Marine  
  149  10:20  Marine  
  149  10:21  Marine  
Show
View Real Time Build Order
Export as new Build Order

Wololo Zerg 

Build Orders: Hatch First, Muta Ling Bane 

Get SALT Encoding   

  12  0:01  Drone  
  13  0:12  Overlord  
  13  0:17  Drone  
  14  0:31  Drone x2  
  16  0:49  Hatchery  
  15  0:51  Drone  
  15  0:55  Drone  
  17  0:58  Drone  
  17  1:02  Extractor  
  17  1:15  Spawning Pool  
  17  1:17  Drone  
  17  1:20  Drone  
  18  1:30  Drone  
  19  1:39  Overlord  
  19  2:02  Queen x2  
  19  2:03  Metabolic Boost  
  19  2:04  Zergling x2  
  19  2:05  Zergling x2  
  19  2:08  Drone  
  26  2:11  Drone  
  26  2:14  Drone  
  28  2:22  Drone x2  
  30  2:32  Overlord  
  31  2:37  Drone  
  31  2:39  Queen  
  31  2:43  Queen  
  35  2:47  Drone  
  36  2:54  Drone  
  36  2:55  Drone x2  
  39  3:06  Overlord  
  39  3:08  Drone  
  40  3:13  Drone x2  
  40  3:14  Drone x2  
  44  3:21  Overlord  
  44  3:25  Zergling x6  
  47  3:32  Zergling x2  
  48  3:38  Zergling x2  
  49  3:44  Zergling x2  
  50  3:52  Zergling x14  
  50  3:54  Hatchery  
  56  3:58  Zergling x2  
  57  4:05  Drone  
  57  4:08  Drone  
  59  4:11  Drone  
  59  4:13  Extractor  
  59  4:14  Extractor  
  58  4:17  Hatchery  
  58  4:21  Overlord x2  
  57  4:24  Drone  
  57  4:25  Drone x2  
  57  4:27  Lair  
  57  4:31  Overlord  
  60  4:37  Roach Warren  
  60  4:38  Drone  
  60  4:39  Drone  
  60  4:40  Drone  
  60  4:42  Drone  
  64  4:45  Drone  
  64  4:51  Overlord  
  64  4:56  Drone  
  64  4:59  Extractor  
  64  5:02  Drone x6  
  64  5:05  Drone  
  64  5:06  Drone  
  72  5:10  Drone  
  73  5:16  Drone  
  74  5:29  Evolution Chamber  
  74  5:30  Evolution Chamber  
  74  5:31  Baneling Nest, Queen  
  74  5:33  Queen  
  74  5:34  Pneumatized Carapace  
  76  5:35  Drone  
  76  5:37  Roach  
  76  5:38  Roach  
  76  5:40  Roach  
  82  5:44  Drone x2  
  82  5:45  Drone  
  82  5:49  Drone x2  
  87  5:50  Drone  
  85  5:58  Drone x3  
  85  5:59  Drone x3  
  85  6:01  Drone  
  85  6:02  Drone  
  93  6:04  Drone  
  93  6:05  Drone  
  93  6:07  Drone  
  96  6:12  Overlord  
  96  6:16  Extractor, Zerg Ground Armor Level 1  
  96  6:17  Extractor, Zerg Melee Weapons Level 1  
  94  6:26  Hatchery  
  94  6:28  Centrifical Hooks  
  93  6:33  Ravager x3  
  93  6:37  Roach x4  
  93  6:38  Roach  
  106  6:45  Overlord  
  106  6:56  Drone x3  
  106  6:57  Spore Crawler  
  106  6:59  Drone x2  
  110  7:03  Overlord, Spire  
  110  7:06  Ravager x2  
  110  7:07  Ravager x2  
  113  7:10  Overlord x4  
  113  7:12  Baneling  
  113  7:13  Baneling x5  
  113  7:17  Baneling x2  
  113  7:18  Baneling  
  105  7:30  Zergling x20  
  105  7:31  Zergling x14  
  122  7:39  Zergling x14  
  123  7:56  Zergling x2  
  123  7:57  Zergling x26  
  126  8:15  Mutalisk x9  
  125  8:29  Zergling x2  
  125  8:30  Zergling x20  
  125  8:33  Baneling x5  
  125  8:34  Baneling  
  136  8:37  Overseer  
  136  8:38  Overseer  
  136  8:47  Zergling x2  
  136  8:48  Zergling x20  
  127  9:02  Zergling x8  
  122  9:03  Zergling x10  
  122  9:09  Zergling x6  
  116  9:20  Zergling x10  
  116  9:22  Baneling  
  116  9:23  Baneling x15  
  114  9:32  Zergling x2  
  114  9:33  Zergling x10  
  85  9:47  Mutalisk  
  85  9:48  Mutalisk x3  
  85  9:51  Zergling x10  
  88  10:00  Mutalisk  
  88  10:01  Mutalisk  
  88  10:04  Zergling x2  
  88  10:05  Zergling x20  
  100  10:12  Zergling x6  
  96  10:21  Baneling  
  96  10:22  Baneling x7  
Tags
 
Add a new tag
Caveats
  • Supply blocks, unpowered buildings, or Contaminate may cause inaccurate times.
  • Supply counts are checked every 10 seconds.